 Dungeon Crawl Stone Soup version 0.17.0-28-g6e173f8 (webtiles) character file.

337 dohliylev the Covert (level 6, -16/44 HPs)
             Began as a Vampire Assassin on Nov 22, 2015.
             Was an Initiate of Okawaru.
             Demolished by Pikel
             ... wielding a +1 whip of electrocution
              (19 damage)
             ... on level 4 of the Dungeon.
             The game lasted 00:27:05 (3347 turns).

dohliylev the Covert (Vampire Assassin)             Turns: 3347, Time: 00:27:05

Health: -16/44     AC:  3    Str: 10    XL:     6   Next: 28%
Magic:  6/6        EV: 13    Int: 13    God:    Okawaru [......]
Gold:   140        SH:  0    Dex: 18    Spells: 0 memorised, 5 levels left

rFire  . . .     SeeInvis +     k - +0 dagger (venom)
rCold  + . .     Clarity  .     c - +0 robe
rNeg   + + .     SustAt   .     (no shield)
rPois  +         Gourm    .     (no helmet)
rElec  .         Spirit   .     d - +0 cloak
rCorr  .         Warding  .     (no gloves)
rMut   .         Stasis   .     (no boots)
MR     .....                    (no amulet)
Stlth  +++++.....               (no ring)
                                (no ring)

@: regenerating slowly, not resistant to hostile enchantments, quite stealthy
A: fangs 3, see invisible, unbreathing
a: Bat Form, Renounce Religion


You were on level 4 of the Dungeon.
You worshipped Okawaru.
Okawaru was noncommittal.
You were very thirsty.

You visited 1 branch of the dungeon, and saw 4 of its levels.

You collected 140 gold pieces.

Inventory:

Hand Weapons
 a - a +2 dagger
 b - a +0 blowgun
 k - a +0 dagger of venom (weapon)
Missiles
 e - 14 poisoned needles
 f - 2 curare-tipped needles
Armour
 c - a +0 robe (worn)
 d - a +0 cloak (worn)
Wands
 s - a wand of teleportation (6)
 t - a wand of paralysis (11)
Scrolls
 h - 3 scrolls of identify {unknown}
 l - 3 scrolls of random uselessness {unknown}
 p - 4 scrolls of amnesia {unknown}
 u - a scroll of immolation {unknown}
 w - a scroll of teleportation {unknown}
Potions
 g - 19 potions of blood
 i - a potion of flight {unknown}
 j - a potion of magic {unknown}
 m - 3 potions of degeneration {unknown}
 n - a potion of poison {unknown}
 o - a potion of cancellation {unknown}
 q - a potion of resistance {unknown}
 r - a potion of berserk rage {unknown}
 v - a potion of might {unknown}


   Skills:
 + Level 2.1 Fighting
 * Level 2.9 Short Blades
 + Level 2.7 Throwing
 * Level 2.4 Dodging
 * Level 9.6 Stealth


You had 5 spell levels left.
You didn't know any spells.

Dungeon Overview and Level Annotations

Branches:
Dungeon (4/15)
 Temple: D:4-7

Altars:
Elyvilon
Gozag
Okawaru
Sif Muna
Xom
Zin

Annotations:
D:4 Pikel


Innate Abilities, Weirdness & Mutations

You heal slowly.
You have razor-sharp teeth.
You have supernaturally acute eyesight.
You can survive without breathing.


Message History

You shoot a poisoned needle.
The poisoned needle closely misses Pikel.
Wield which item (- for none, * to show all)? (? for menu, Esc to quit)
It begins to drip with poison!
k - a +0 dagger of venom (weapon)
You barely miss Pikel.
Pikel is heavily wounded.
Pikel hits you with a whip of electrocution.
You are electrocuted!
* * * LOW HITPOINT WARNING * * *
There is an open door here.
You are feeling very thirsty.
Pikel looks more healthy.
There is an open door here.
One of your 20 potions of blood rots away.
Pikel barely misses you.
Pikel hits you with a whip of electrocution.
* * * LOW HITPOINT WARNING * * *
You are electrocuted!
You die...

#.##.........#
#.....(...# ##
.##########.##
##.........# ..
#..# #.........##
## ##.##
#.........#
####..###.........#
#.......#######.###
#.......# #.#
#.....K.# #.#
#.....@.# ####.##
#.......# #.....#
#.......# #.....###
######'##
#.......#### #..#
#........... ##.##
####........ #..#
#.##..###
##[######.##..#.#
#......##.##..#..


You could see Pikel.

Vanquished Creatures
  2 slaves (D:4)
  An ogre (D:4)
  2 hounds (D:4)
  An iguana (D:4)
  2 worker ants (D:4)
  A hound skeleton (D:4)
  6 adders
  An adder skeleton (D:4)
  A worm (D:4)
  3 giant geckos
  4 orcs (D:3)
  6 giant cockroaches
  2 goblins
  4 hobgoblins (D:2)
  A quokka (D:3)
  5 bats
  A giant newt (D:3)
  4 jackals (D:1)
  6 kobolds
  7 rats
60 creatures vanquished.

Notes
Turn   | Place    | Note
--------------------------------------------------------------
     0 | D:1      | dohliylev the Vampire Assassin began the quest for the Orb.
     0 | D:1      | Reached XP level 1. HP: 16/16 MP: 1/1
    65 | D:1      | Reached skill level 6 in Stealth
   290 | D:1      | Reached XP level 2. HP: 22/22 MP: 2/2
   834 | D:2      | Reached XP level 3. HP: 23/27 MP: 3/3
   907 | D:2      | Reached skill level 7 in Stealth
   954 | D:2      | Found a glowing silver altar of Zin.
   954 | D:2      | Noticed an angel
  1531 | D:3      | Found an opulent altar of Gozag.
  2009 | D:3      | Found a deep blue altar of Sif Muna.
  2039 | D:3      | Reached XP level 4. HP: 33/33 MP: 4/4
  2517 | D:4      | Found a white marble altar of Elyvilon.
  2517 | D:4      | Found a shimmering altar of Xom.
  2535 | D:4      | Reached skill level 8 in Stealth
  2594 | D:4      | Reached XP level 5. HP: 24/38 MP: 5/5
  2613 | D:4      | Found an iron altar of Okawaru.
  2622 | D:4      | Became a worshipper of Warmaster Okawaru
  2954 | D:4      | Noticed an ogre
  2956 | D:4      | Killed an ogre
  2956 | D:4      | Reached skill level 9 in Stealth
  2956 | D:4      | Reached XP level 6. HP: 44/44 MP: 6/6
  2997 | D:4      | Noticed a slave
  3019 | D:4      | Killed a slave
  3033 | D:4      | Noticed a slave
  3033 | D:4      | Noticed Pikel
  3034 | D:4      | Noticed a slave
  3131 | D:4      | Killed a slave
  3347 | D:4      | Demolished by Pikel

Action                   |  1- 3 |  4- 6 || total
-------------------------+-------+-------++-------
Melee: Dagger            |    56 |    59 ||   115
 Fire: Blowgun           |    19 |    11 ||    30
  Use: Potion            |     1 |     2 ||     3
 Stab: Sleeping          |    17 |    10 ||    27
       Distracted        |     1 |     1 ||     2
